 Dungeon Crawl Stone Soup version 0.30.1-9-gdf580d7c3d (webtiles) character file.

Game seed: 3746766348834876107

23 KittyFluff the Trooper (level 3, 0/23 HPs)
             Began as a Gargoyle Berserker on Oct 16, 2023.
             Was a Follower of Trog.
             Slain by a worm (5 damage)
             ... on level 2 of the Dungeon.
             The game lasted 00:02:36 (748 turns).

KittyFluff the Trooper (Gargoyle Berserker)          Turns: 748, Time: 00:02:37

Health: 0/23       AC:  6    Str: 22    XL:     3   Next: 0%
Magic:  3/3        EV: 11    Int:  7    God:    Trog [*.....]
Gold:   24         SH:  0    Dex:  9    Spells: 2/2 levels left

rFire   . . .        a - +0 mace
rCold   . . .        (no shield)
rNeg    + . .        d - +0 leather armour
rPois   ∞            (no helmet)
rElec   +            (no cloak)
rCorr   .            (no gloves)
SInv    .            (no boots)
Will    .....        (no amulet)
Stlth   +            (no ring)
HPRegen 0.23/turn    (no ring)
MPRegen 0.08/turn

%: no passive effects
@: no status effects
A: sickness immunity, AC +3, negative energy resistance 1, electricity
resistance, torment resistance 1, petrification resistance
a: Renounce Religion, Berserk


You were on level 2 of the Dungeon.
You worshipped Trog.
Trog was aware of your devotion.
You visited 1 branch of the dungeon, and saw 2 of its levels.

You collected 24 gold pieces.

Inventory:

Hand Weapons
 a - a +0 mace (weapon)
Armour
 d - a +0 leather armour (worn)
Jewellery
 f - an amulet of guardian spirit
Scrolls
 b - a scroll of teleportation {unknown}
 e - a scroll of poison {unknown}
 g - a scroll of magic mapping {unknown}
 h - a scroll of noise {unknown}
Potions
 c - a potion of brilliance {unknown}


   Skills:
 + Level 3.5 Fighting
 * Level 3.4 Maces & Flails
 * Level 2.7 Armour
 + Level 1.8 Dodging


You had 2 spell levels left.
You didn't know any spells.
Your spell library was empty.

Dungeon Overview and Level Annotations

Branches:
Dungeon (2/15)

Altars:


Innate Abilities, Weirdness & Mutations

You are immune to sickness and miasma.
Your stone body is resilient. (AC +3)
You are immune to poison.
You resist negative energy. (rN+)
You are resistant to electric shocks. (rElec)
You are resistant to unholy torment.
You are immune to petrification.


Message History

Your experience leads to an increase in your attributes!
Increase (S)trength, (I)ntelligence, or (D)exterity?
You feel stronger. x2
h - a scroll labelled DUEXKEGUOB A worm comes into view.
A giant cockroach comes into view.
An endoplasm comes into view.
The endoplasm quivers.
The worm bites you.
You sock the worm!
The worm is moderately wounded.
The worm barely misses you.
You barely miss the worm.
The worm is moderately wounded.
The worm bites you.
You hit the worm but do no damage.
The worm is moderately wounded.
You hit the worm.
The worm is heavily wounded.
The worm misses you.
You barely miss the worm.
The worm is moderately wounded.
The endoplasm closely misses you. The worm closely misses you.
You completely miss the worm.
The worm is moderately wounded.
The endoplasm freezes you.
You are frozen.
The worm bites you but does no damage.
You completely miss the worm.
The worm is moderately wounded.
The endoplasm hits you but does no damage.
You hit the worm but do no damage.
The worm is moderately wounded.
The endoplasm hits you but does no damage.
The worm bites you!
* * * LOW HITPOINT WARNING * * *
You hit the worm but do no damage.
The worm is moderately wounded.
The endoplasm hits you but does no damage.
The worm bites you.
You die...

....## ##.# #.#..
#######<.### ....
#..........# #B.#
#..........#
...##..........#
#..####.#..#### .
#..#...#..#
....####.#.###..###
#.....w@...........
###.##J......#.....
#....#####....###
...... #...#
....... ...#
....... ...#
....... ..# .......
..#


You could see a worm and an endoplasm.

Vanquished Creatures
  A worm (D:2)
  A dart slug (D:1)
  2 ball pythons (D:1)
  An endoplasm (D:1)
  A giant cockroach (D:1)
  2 goblins (D:1)
  2 hobgoblins (D:1)
  2 kobolds (D:1)
  2 quokkas (D:1)
  A frilled lizard (D:1)
  A rat (D:1)
16 creatures vanquished.

Notes
Turn   | Place    | Note
-------+----------+-------------------------------------------
     0 | D:1      | KittyFluff the Gargoyle Berserker began the quest for the
                  | Orb.
     0 | D:1      | Reached XP level 1. HP: 14/14 MP: 1/1
   270 | D:1      | Reached XP level 2. HP: 14/19 MP: 2/2
   728 | D:2      | Reached XP level 3. HP: 23/23 MP: 3/3
   748 | D:2      | Slain by a worm

Illustrated notes

Levels and vault maps discovered:
D:1:      minmay_arrival_four_houses, layout_loops_ring
D:2:      minmay_door_path, layout_rooms, minmay_between, uniq_robin

Action                     || total
---------------------------++-------
  Melee: Mace              ||    54
 Armour: Leather armour    ||    14
         Animal skin       ||     3
  Dodge: Dodged            ||    36
